 Seeded DCSS version 0.31-a0-344-gd109795599 (webtiles) character file.

Game seed: 8049200169454021912 (custom seed)

16 CInkIbrahim the Shield-Bearer (level 2, 22/24 HPs)
             Began as a Formicid Fighter on July 22, 2023.
             Quit the game on level 1 of the Dungeon.
             The game lasted 00:00:26 (108 turns).

CInkIbrahim the Shield-Bearer (Formicid Fighter)     Turns: 108, Time: 00:00:27

Health: 22/24      AC:  6    Str: 20    XL:     2   Next: 70%
Magic:  2/2        EV:  9    Int:  7    God:
Gold:   12         SH:  5    Dex: 13    Spells: 1/1 levels left

rFire   . . .        a - +0 trident
rCold   . . .        c - +0 buckler
rNeg    . . .        b - +0 scale mail
rPois   .            (helmet unavailable)
rElec   .            (no cloak)
rCorr   .            (no gloves)
SInv    +            (no boots)
Will    .....        (no amulet) Stlth
                     (no ring)
HPRegen 0.24/turn    (no ring)
MPRegen 0.08/turn

%: no passive effects
@: no status effects
A: permanent stasis, dig shafts and tunnels, antennae 3, four strong arms
a: Dig, Shaft Self


You were on level 1 of the Dungeon.
You visited 1 branch of the dungeon, and saw 1 of its levels.

You collected 12 gold pieces.

Inventory:

Hand Weapons
 a - a +0 trident (weapon)
Armour
 b - a +0 scale mail (worn)
 c - a +0 buckler (worn)
Potions
 d - a potion of might
 e - a potion of brilliance {unknown}


   Skills:
 - Level 3.2 Fighting
 + Level 3.1 Polearms
 - Level 3.2 Armour
 - Level 4.0 Shields


You had one spell level left.
You didn't know any spells.
Your spell library was empty.

Dungeon Overview and Level Annotations

Branches:
Dungeon (1/15)

Altars:


Innate Abilities, Weirdness & Mutations

You cannot be hasted, slowed, berserked, paralysed or teleported.
You can dig through walls and to a lower floor.
You have a pair of large antennae on your head. (SInv)
Your four strong arms can wield two-handed weapons with a shield.


Message History

You reach to attack!
You barely miss the ball python. You block the ball python's attack.
The ball python misses you.
You barely miss the ball python.
The ball python bites you but does no damage.
The ball python grabs you. The ball python constricts you.
You hit the ball python.
You kill the ball python!
You hit the goblin.
You kill the goblin!
The endoplasm freezes you.
You are frozen.
Your Polearms skill increases to level 3!
You hit the endoplasm.
The endoplasm is severely wounded.
The endoplasm closely misses you.
You hit the endoplasm.
You kill the endoplasm!
The kobold hits you with a +0 short sword.
You closely miss the kobold. You block the kobold's attack.
You puncture the kobold!
You kill the kobold!
No target in view!
No target in view!
No target in view!
No target in view!
No target in view!
No target in view!
No target in view!
Things that are here:
a +0 short sword; a kobold corpse; a ball python corpse You enter the shallow water.
Moving in this stuff is going to be slow.
Found a stone staircase leading down.
Why would you want to do that? Why would you want to do that?
A giant cockroach comes into view.
There is a faded altar of an unknown god here.
This altar belongs to (a) Uskayaw, (b) Makhleb or (c) Sif Muna, but you can't tell which.
Press the corresponding letter to learn more about a god, or press enter to convert or escape to cancel.
Okay, then.
Are you sure you want to abandon this character and quit the game? (Confirm with "yes".)

{ ,.. #. ... #.#
##.#####.##.. ...# ..
##.#.....#...#
...###.##..~.....~..##
#..##...#~.~...~.~#.#
#####..##†#..~.~.~.~..#
.....#..#.#...~.≈.~...#
####.##.#.#.).~≈.≈~...#
####.##...#..)~≈@≈~...#
......##).#..~.~≈~.~..#
###.#.#....#~~~~.~~~~#.#
#.........#..~.~..#.#
###.)....#.#.~)~.#...#
....##......##.##...>.
#########..............
###........B...
##..#.... ..


You could see a giant cockroach.

Vanquished Creatures
  A ball python (D:1)
  An endoplasm (D:1)
  A giant cockroach (D:1)
  2 goblins (D:1)
  A hobgoblin (D:1)
  4 jackals (D:1)
  A kobold (D:1)
  A quokka (D:1)
12 creatures vanquished.

Notes
Turn   | Place    | Note
-------+----------+-------------------------------------------
     0 | D:1      | CInkIbrahim the Formicid Fighter began the quest for the
                  | Orb.
     0 | D:1      | Reached XP level 1. HP: 18/18 MP: 1/1
    54 | D:1      | Reached XP level 2. HP: 18/24 MP: 2/2
    91 | D:1      | Found a faded altar of an unknown god.
   108 | D:1      | Quit the game

Illustrated notes

Levels and vault maps discovered:
D:1:      lightli_arrival_boilingwater, layout_rooms,
          shapermc_ecumenical_altar_starsandcircs

Skill      XL: |  1  2 |
---------------+-------+-----
Polearms       | 3 |  3.1
Fighting       | |  3.2
Armour         | |  3.2
Shields        | |  4.0

Action                     || total
---------------------------++-------
  Melee: Trident           ||    34
 Armour: Scale mail        ||     8
  Dodge: Dodged            ||    13
  Block: Buckler           ||     5

Table legend: (Time is in decaauts)
 A = Elapsed time spent in this place.
 B = Non-inter-level travel time spent in this place.
 C = Inter-level travel time spent in this place.
 D = Time resting spent in this place.
 E = Time spent auto-exploring this place.
 F = Levels seen in this place.
 G = Mean time per level.
                   A        B        C        D        E       F      G
               +--------+--------+--------+--------+--------+-----+--------+
         Total |    117 |    117 |      0 |     23 |     27 |   1 |  117.0 |
       Dungeon |    117 |    117 |      0 |     23 |     27 |   1 |  117.0 |
               +--------+--------+--------+--------+--------+-----+--------+

Top non-repeatable levels by time:
     D:1: 117 daAuts
